Unix NetHack Version 5.0.0-0 post-release - last build Jun 10 2026 00:39:30 (3ee93aec679c4c4259841fe613dc97188e26a321,branch:main).

Game began 2026-06-26 18:09:51, ended 2026-06-26 18:17:10.

Ch3Begorrah, chaotic male human Rogue

                                                          ...
                                                          .G.|
                                                          .G.-
                                                          -...

Ch3Begorrah the Footpad  St:12 Dx:18 Co:17 In:11 Wi:8 Ch:7  Chaotic
Dlvl:3  $:15 HP:0(26) Pw:6(6) AC:8  Xp:2 T:641 

Latest messages:
 Which ring-finger, Right or Left? [rl] l
 B - a diamond ring (on left hand) (unpaid, 150 zorkmids).
 You don't know that spell.
 You were wearing a diamond ring (on left hand) (unpaid, 150 zorkmids).
 What do you want to put on? [gowB-DF or ?*] ?
 Which ring-finger, Right or Left? [rl] l
 D - an emerald ring (on left hand) (unpaid, 300 zorkmids).
 You don't know that spell.
 You were wearing an emerald ring (on left hand) (unpaid, 300 zorkmids).
 What do you want to put on? [gowB-DF or ?*] ?
 Which ring-finger, Right or Left? [rl] l
 w - an iron ring named ok (on left hand).
 You don't know that spell.
 You were wearing an iron ring named ok (on left hand).
 What do you want to read? [jmqt or ?*] ?
 As you read the scroll, it disappears.
 You materialize in a different location!
 You escaped the shop without paying!
 You stole 3525 zorkmids worth of merchandise.
 An alarm sounds!
 The Keystone Kops are after you!
 You descend the stairs.
 You have no ammunition readied.
 What do you want to fire? [$ah or ?*] <esc>
 Never mind.
 What do you want to ready? [$ah or ?*] h
 You are wielding 10 daggers.  Ready 9 of them? [ynq] (q) y
 G - 9 +0 daggers (at the ready).
 In what direction? k
 You throw 2 daggers.
 The 1st dagger hits the gnome lord.
 The 2nd dagger hits the gnome lord.
 The gnome lord hits!
 In what direction? k
 The dagger hits the gnome lord.
 The gnome lord hits!
 In what direction? k
 The dagger hits the gnome lord.
 The gnome lord misses!
 In what direction? k
 You throw 2 daggers.
 The 1st dagger hits the gnome lord.
 The 2nd dagger hits the gnome lord.
 The gnome lord hits!
 In what direction? k
 The dagger hits the gnome lord.
 The gnome lord hits!
 The gnome lord hits!
 You die...
 Do you want your possessions identified? [ynq] (y) q

Inventory:
 Coins    ('$')
  $ - 15 gold pieces
 Amulets  ('"')
  o - a cursed amulet of restful sleep
 Weapons  (')')
  i - 10 blessed +0 arrows
  h - a +0 dagger (weapon in right hand)
  G - 2 +0 daggers (at the ready)
  a - a +0 short sword (alternate weapon; not wielded)
 Armor    ('[')
  c - an uncursed burnt +1 leather armor (being worn)
 Comestibles  ('%')
  s - an uncursed carrot
  A - 3 uncursed food rations
 Scrolls  ('?')
  t - an uncursed scroll of earth
  m - an uncursed scroll of enchant armor
 Spellbooks  ('+')
  j - an uncursed spellbook of light
 Potions  ('!')
  n - a blessed potion of healing
  k - an uncursed potion of monster detection
  d - an uncursed potion of sickness
 Rings    ('=')
  w - an uncursed ring of cold resistance named ok
  C - an uncursed ring of cold resistance
  F - a cursed ring of polymorph named cursed
  B - an uncursed ring of protection from shape changers
  D - an uncursed ring of searching
 Wands    ('/')
  x - a wand of light (0:13)
  l - a wand of teleportation (0:6)
 Tools    ('(')
  f - an empty uncursed sack
  g - an uncursed blindfold
  e - an uncursed lock pick
 Gems/Stones  ('*')
  E - an uncursed worthless piece of blue glass
  y - an uncursed worthless piece of orange glass

Ch3Begorrah the Rogue's attributes:

Background:
 You were a Footpad, a level 2 male human Rogue.
 You were chaotic, on a mission for Kos
 who was opposed by Issek (lawful) and Mog (neutral).
 You were right-handed.
 You were in the Gnomish Mines, on level 3.
 You entered the dungeon 641 turns ago.
 You had 36 experience points, 4 more were needed to attain level 3.

Basics:
 You had 0 out of 26 hit points.
 You had all 6 energy points (spell power).
 Your armor class was 8.
 Your wallet contained 15 zorkmids.
 Autopickup was on for '$!/(' plus thrown, with exceptions.

Final Characteristics:
 Your strength was 12 (limit:18/100).
 Your dexterity was 18 (limit:18).
 Your constitution was 17 (limit:18).
 Your intelligence was 11 (limit:18).
 Your wisdom was 8 (limit:18).
 Your charisma was 7 (limit:18).

Final Status:
 You weren't hungry.
 You were unencumbered.
 You were wielding a dagger.
 You had basic skill with dagger.

Final Attributes:
 You had strayed.
 You were invisible.
 You were stealthy.
 You were warded.
 You were unlucky.
 You are dead.

Miscellaneous:
 You didn't encounter any bones levels.
 Total elapsed playing time was 7 minutes and 19 seconds.

Major events:
 Turn
    1: Ch3Begorrah the chaotic male human Rogue entered the dungeon
  445: entered the Gnomish Mines
  619: stole 3525 zorkmids worth of merchandise from Abisko's jewelers
  641: killed by a gnome lord

You didn't know any spells.

Skills:
 Fighting Skills
   bare handed combat [Unskilled]
   two weapon combat  [Unskilled]
   riding             [Unskilled]
 Weapon Skills
   dagger             [Basic]
   knife              [Unskilled]
   short sword        [Basic]
   broadsword         [Unskilled]
   long sword         [Unskilled]
   two-handed sword   [Unskilled]
   saber              [Unskilled]
   club               [Unskilled]
   mace               [Unskilled]
   morning star       [Unskilled]
   flail              [Unskilled]
   hammer             [Unskilled]
   polearms           [Unskilled]
   spear              [Unskilled]
   crossbow           [Unskilled]
   dart               [Unskilled]
   shuriken           [Unskilled]
 Spellcasting Skills
   divination spells  [Unskilled]
   escape spells      [Unskilled]
   matter spells      [Unskilled]

Voluntary challenges:
 Character rerolling was not enabled.
 You went without food.
 You were an atheist.
 You never genocided any monsters.
 You never polymorphed an object.
 You never changed form.
 You used no wishes.
Achievements:
 You entered the Gnomish Mines.
 You entered a shop.

 The Dungeons of Doom: levels 1 to 2
    Level 1:
       Some fountains.
    Level 2:
       A ring shop.
       Stairs down to The Gnomish Mines.
 The Gnomish Mines:
    Level 3: <- You were here.
       Final resting place for
          you, killed by a gnome lord.


Vanquished creatures:
  a kitten
  a brown mold
  a gnome
  3 jackals
  a fox
  a kobold
  a goblin
  3 grid bugs
  a bat
  8 newts
21 creatures vanquished.

No species were genocided or became extinct.

Game over:
                       ----------
                      /          \
                     /    REST    \
                    /      IN      \
                   /     PEACE      \
                  /                  \
                  |   Ch3Begorrah    |
                  |      15 Au       |
                  |   killed by a    |
                  |    gnome lord    |
                  |                  |
                  |                  |
                  |       2026       |
                 *|     *  *  *      | *
        _________)/\\_//(\/(/\)/\//\/|_)_______

Goodbye Ch3Begorrah the Rogue...

You died in The Gnomish Mines on dungeon level 3 with 308 points,
and 15 pieces of gold, after 641 moves.
You were level 2 with a maximum of 26 hit points when you died.

